 Dungeon Crawl Stone Soup version 0.31-a0-229-g1fc7ce93e2 (webtiles) character file.

Game seed: 17253294409000739238

43 qw the Shooter (level 3, -9/21 HPs)
             Began as a Gargoyle Hexslinger on July 6, 2023.
             Mangled by Sigmund
             ... wielding a +0 scythe
              (11 damage)
             ... on level 2 of the Dungeon.
             The game lasted 00:00:21 (808 turns).

qw the Shooter (Gargoyle Hexslinger)                 Turns: 808, Time: 00:00:22

Health: -9/21      AC:  5    Str: 11    XL:     3   Next: 58%
Magic:  4/4        EV: 12    Int: 13    God:
Gold:   57         SH:  0    Dex: 14    Spells: 3/4 levels left

rFire   . . .        Y - +1 sling
rCold   . . .        (no shield)
rNeg    + . .        c - +0 robe
rPois   inf          (no helmet)
rElec   +            (no cloak)
rCorr   .            (no gloves)
SInv    .            (no boots)
Will    .....        (no amulet)
Stlth   +            (no ring)
HPRegen 0.23/turn    (no ring)
MPRegen 0.09/turn

%: no passive effects
@: no status effects
A: sickness immunity, AC +3, negative energy resistance 1, electricity
resistance, torment resistance 1, petrification resistance
a: no special abilities


You were on level 2 of the Dungeon.
You visited 1 branch of the dungeon, and saw 2 of its levels.

You collected 57 gold pieces.


Innate Abilities, Weirdness & Mutations

You are immune to sickness and miasma.
Your stone body is resilient. (AC +3)
You are immune to poison.
You resist negative energy. (rN+)
You are resistant to electric shocks. (rElec)
You are resistant to unholy torment.
You are immune to petrification.


   Skills:
 - Level 2.0 Fighting
 + Level 3.5 Ranged Weapons
 - Level 1.5 Dodging
 - Level 1.0 Spellcasting
 - Level 2.6 Hexes


You had 3 spell levels left.
You knew the following spells:

 Your Spells              Type           Power      Damage    Failure   Level
a - Slow                  Hex            28%        N/A       10%         1

Your spell library contained the following spells:

 Spells                   Type           Power      Damage    Failure   Level
 Inner Flame              Hex/Fire       4%         N/A       43%         3
 Portal Projectile        Hex/Tloc       8%         N/A       43%         3
 Cause Fear               Hex            3%         N/A       67%         4

Inventory:

Hand Weapons
 Y - a +1 sling (weapon)
Armour
 c - a +0 robe (worn)
Scrolls
 d - a scroll of acquirement {unknown}
Potions
 a - a potion of might {unknown}
 b - 2 potions of magic {unknown}
 e - a potion of resistance {unknown}
 f - a potion of cancellation {unknown}
 g - a potion of attraction {unknown}

Dungeon Overview and Level Annotations

Branches:
Dungeon (2/15)

Altars:

Annotations:
D:2 Sigmund


Message History

You resist with significant effort.
You shoot a sling bullet.
The sling bullet hits Sigmund but does no damage.
Sigmund is moderately wounded.
Sigmund casts a spell at you. The magic dart hits you!
786 ||| FLEEEEING.
787 ||| FLEEEEING.
Sigmund drinks a potion.
Sigmund's spells are empowered!
788 ||| FLEEEEING.
789 ||| STILL FLEEEEING.
790 ||| STILL FLEEEEING.
791 ||| STILL FLEEEEING.
792 ||| STILL FLEEEEING.
793 ||| STILL FLEEEEING.
794 ||| STILL FLEEEEING.
795 ||| STILL FLEEEEING.
796 ||| STILL FLEEEEING.
797 ||| STILL FLEEEEING.
You start resting.
Sigmund is nearby!
You shoot a sling bullet.
The sling bullet hits Sigmund but does no damage.
Sigmund is moderately wounded.
You shoot a sling bullet.
The sling bullet closely misses Sigmund.
Sigmund hits you from afar with a +0 scythe!
You shoot a sling bullet. The sling bullet hits Sigmund.
Sigmund is heavily wounded.
Sigmund gestures wildly while chanting.
Sigmund flickers and vanishes!
Deactivating autopickup; reactivate with Ctrl-A.
Something hits you.
You shoot a sling bullet. You shoot a sling bullet.
Something barely misses you.
You shoot a sling bullet. Something hits you!
Ouch! That really hurt!
You die...

#.....###.####.......
#.....#.....##.......
#%....#.#.#.##.....
#.....#.#.#.##...
#.....#.#.#.##.######
+....................
##...{#..#............
#.....#..#............
#.###@#..#............
#.#.#.#..#....%.......
# #...#..#............
##.#.###..#............
#...<.....#.###........
#########.#.# #........
# ##+######


There were no monsters in sight!

Vanquished Creatures
  2 dart slugs
  4 ball pythons (D:1)
  5 bats (D:1)
  8 endoplasms (D:1)
  3 giant cockroaches (D:1)
  4 hobgoblins
  5 kobolds (D:1)
  A quokka (D:1)
32 creatures vanquished.

Notes
Turn   | Place    | Note
-------+----------+-------------------------------------------
     0 | D:1      | qw the Gargoyle Hexslinger began the quest for the Orb.
     0 | D:1      | Reached XP level 1. HP: 12/12 MP: 2/2
     0 | D:1      | 0 ||| qw: Version: 0.3-a-46-gb1f654a
     0 | D:1      | 0 ||| qw: Game counter: 1606
     0 | D:1      | 0 ||| qw: Melee chars always use a shield: true
     0 | D:1      | 0 ||| qw: God list: Okawaru
     0 | D:1      | 0 ||| qw: Allow faded altars: false
     0 | D:1      | 0 ||| qw: Do Orc after clearing Dungeon:15 true
     0 | D:1      | 0 ||| qw: Do second Lair branch before Depths: true
     0 | D:1      | 0 ||| qw: Lair rune preference: random
     0 | D:1      | 0 ||| qw: Goals: Normal
     0 | D:1      | 0 ||| PLANNING D:1-11
    81 | D:1      | Reached XP level 2. HP: 16/16 MP: 3/3
   127 | D:1      | Reached skill level 3 in Ranged Weapons
   347 | D:1      | Reached XP level 3. HP: 21/21 MP: 4/4
   713 | D:1      | 713 ||| READING 3 scrolls labelled JIFRID VIAXUNA.
   714 | D:1      | 714 ||| DROPPING 2 scrolls of blinking.
   715 | D:1      | 715 ||| DROPPING scroll of poison.
   782 | D:2      | Noticed Sigmund
   786 | D:2      | 786 ||| FLEEEEING.
   787 | D:2      | 787 ||| FLEEEEING.
   788 | D:2      | 788 ||| FLEEEEING.
   804 | D:2      | HP: 5/21 [Sigmund/+0 scythe (10)]
   805 | D:2      | HP: 1/21 [something (4)]
   808 | D:2      | Mangled by Sigmund

Levels and vault maps discovered:
D:1:      minmay_arrival_diagonal_passages, layout_loops_ring
D:2:      layout_basic, uniq_sigmund, uniq_crazy_yiuf_cottage

Skill      XL: |  1  2 |
---------------+-------+-----
Ranged Weapons | 3 |  3.5
Fighting       | 2 |  2.0
Dodging        | |  1.5
Spellcasting   | |  1.0
Hexes          | |  2.6

Action                     || total
---------------------------++-------
   Fire: Sling             ||    86
    Use: Scroll            ||     1
 Armour: Robe              ||     6
  Dodge: Dodged            ||    10

Table legend:
 A = Non-vault XP
 B = Vault XP
 C = Vault XP percentage of total XP
 D = Non-vault monster count
 E = Vault monster count
 F = Vault count percentage of total count
                 A         B        C        D         E       F
            +---------+---------+-------+---------+---------+-------
      Total |      62 |       0 |   0.0 |      32 |       0 |   0.0
            +---------+---------+-------+---------+---------+-------
        D:1 |      56 |       0 |   0.0 |      30 |       0 |   0.0
        D:2 |       6 |       0 |   0.0 |       2 |       0 |   0.0
            +---------+---------+-------+---------+---------+-------
